 Dungeon Crawl Stone Soup version bcrawl-1.28.5 (webtiles) character file.

Game seed: 11287964317136620491

139824 Artagas the Skirmisher (level 4, -6/61 HPs)
             Began as a Minotaur Berserker on Jan 26, 2021.
             Was a Believer of Trog.
             Mangled by an ogre
             ... wielding a +0 giant club
              (11 damage)
             ... on level 3 of the Dungeon.
             The game lasted 00:03:37 (1939 turns).

Artagas the Skirmisher (Minotaur Berserker)         Turns: 1939, Time: 00:03:38

Health: -6/61      AC: 22    Str: 28    XL:     4   Next: 53%
Magic:  3/3        EV:  1    Int:  4    God:    Trog [**....]
Gold:   199        SH:  0    Dex:  9    Spells: 3/3 levels left

rFire    . . .     SeeInvis .   a - +0 hand axe
rCold    . . .     Gourm    .   (no shield)
rNeg     + + +     Faith    .   (armour currently unavailable)
rPois    +         Spirit   .   (helmet currently unavailable)
rElec    .         Reflect  .   (cloak currently unavailable)
rCorr    .         Harm     .   (gloves currently unavailable)
MR       ++...     NoTele   +   (boots currently unavailable)
Stlth    +.........             (no amulet)
HPRegen  1.20/turn              (no ring)
MPRegen  0.08/turn              (no ring)

@: mighty, tree-form, berserk cooldown, regenerating, slowed, very slow
A: giant, (retaliatory headbutt)
a: Berserk, Trog's Hand, Renounce Religion


You were on level 3 of the Dungeon.
You worshipped Trog.
Trog was pleased with you.
You were hungry.
You were a tree.
You visited 1 branch of the dungeon, and saw 3 of its levels.

You collected 199 gold pieces.

Inventory:

Hand Weapons
 a - a +0 hand axe (weapon)
Missiles
 c - 94 javelins
 j - 150 poisoned tomahawks (quivered)
Armour
 k - a +0 chain mail (melded)
   (You found it on level 1 of the Dungeon)
Comestibles
 e - 9 rations {!d}


   Skills:
 * Level 4.8 Fighting
 * Level 4.6 Axes
 + Level 1.0 Throwing
 + Level 3.0 Armour
 + Level 2.8 Dodging


You had 3 spell levels left.
You didn't know any spells.
Your spell library was empty.

Dungeon Overview and Level Annotations

Branches:
Dungeon (3/12)

Altars:


Innate Abilities, Weirdness & Mutations

((You reflexively headbutt those who attack you in melee.))
((You have a pair of horns on your head.))


Message History

A red film seems to cover your vision as you go berserk!
You feel yourself moving faster!
You feel mighty!
You are feeling hungry.
The orc shouts!
You hear a shout!
The quokka closely misses you. The orc barely misses you.
The orc closely misses you. You furiously retaliate!
You headbutt the orc!
You kill the orc!
Trog accepts your kill.
You hear a shout!
You closely miss the orc. You headbutt the orc!
You feel the power of Trog in you as your rage grows.
You kill the orc!
Trog accepts your kill.
You closely miss the quokka. The quokka barely misses you.
You closely miss the quokka. The quokka barely misses you.
You hit the orc.
You feel the power of Trog in you as your rage grows.
You kill the orc!
Trog accepts your kill.
You slash the quokka!
You kill the quokka!
Trog accepts your kill.
No target in view!
No target in view!
Unknown command. 2 orcs come into view.
The orc shouts! x2
An orc comes into view.
An orc comes into view. It is wielding a +0 flail.
Things that are here:
a cursed -2 trident; 105 javelins You feel a strong urge to attack something.
An ogre comes into view. It is wielding a +0 giant club.
An ooze comes into view.
You barely miss the orc.
The ooze quivers.
You headbutt the orc.
The orc is almost dead.
The orc barely misses you.
You barely miss the orc.
The orc is almost dead.
The orc hits you from afar with a +0 trident.
The orc barely misses you.
You barely miss the orc.
The orc is almost dead.
You slash the orc!
You kill the orc!
Trog accepts your kill. The orc closely misses you.
The orc completely misses you.
You barely miss the orc. You headbutt the orc.
The orc is lightly wounded.
You slash the orc!
You kill the orc!
Trog accepts your kill.
You completely miss the orc. You barely miss the orc.
The orc hits you but does no damage.
You barely miss the orc. Your headbutt misses the orc. The orc hits you.
You slash the orc!
You kill the orc!
Trog accepts your kill.
You slash the ooze! You headbutt the ooze.
You kill the ooze!
Trog accepts your kill.
You slash the orc!
You kill the orc!
Trog accepts your kill.
You are no longer berserk.
You are exhausted.
You feel yourself slow down.
As you read the scroll labeled ERITABRINN, it crumbles to dust.
You hear a loud clanging noise!
It was a scroll of noise.
You hear a bark! x2; You hear an angry hiss.
The ogre closely misses you.
You feel very mighty all of a sudden.
The ogre hits you with a +0 giant club! x2
Unknown command.
Okay, then.
You aren't carrying any scrolls.
It was a potion of lignification.
You turn into a tree.
Your +0 chain mail melds into your body.
Your roots penetrate the ground.
The ogre hits you but does no damage.
You barely miss the ogre. The ogre hits you with a +0 giant club.
You barely miss the ogre. The ogre hits you with a +0 giant club.
* * * LOW HITPOINT WARNING * * *
Your skin crawls.
You feel resistant to hostile enchantments.
You feel somewhat more hungry. The ogre hits you with a +0 giant club.
* * * LOW HITPOINT WARNING * * *
You slash the ogre!
The ogre is heavily wounded.
The ogre hits you with a +0 giant club!
* * * LOW HITPOINT WARNING * * *
The ogre hits you with a +0 giant club!
* * * LOW HITPOINT WARNING * * *
You slash the ogre!
The ogre is severely wounded.
The ogre hits you with a +0 giant club!
You die...

#.#.##†.....# #
#.#.##......# ..
#.#.##.#...)###+###..#
#.#.##.#####..P.P.....
#..................#
###.##.##...##).#### ..
#.......)).#
......./.###....#####.##
.....#...# #....♣O......
......#..# #.#.)##......
.<.....#.....#..# ##.#.
##..#.# ######..# #.##.
#..# #. #..# #... ##.#


You could see an ogre.

Vanquished Creatures
  An adder (D:3)
  An ooze (D:3)
  2 worms
  4 dart slugs
  5 leopard geckos
  10 orcs
  8 bats
  A giant cockroach (D:2)
  7 goblins
  6 hobgoblins
  A jackal (D:1)
  A quokka (D:3)
  2 ball pythons
  4 frilled lizards
  3 kobolds (D:1)
  3 rats
59 creatures vanquished.

Notes
Turn   | Place    | Note
-------+----------+-------------------------------------------
     0 | D:1      | Artagas the Minotaur Berserker began the quest for the Orb.
     0 | D:1      | Reached XP level 1. HP: 19/19 MP: 0/0
   433 | D:1      | Reached XP level 2. HP: 27/27 MP: 1/1
   435 | D:1      | Reached skill level 4 in Fighting
   435 | D:1      | Reached skill level 4 in Axes
   595 | D:1      | Reached XP level 3. HP: 31/33 MP: 2/2
   647 | D:1      | Reached ** piety under Trog
  1739 | D:3      | Reached XP level 4. HP: 31/41 MP: 3/3
  1897 | D:3      | Reached skill level 3 in Armour
  1911 | D:3      | Reached skill level 1 in Throwing
  1917 | D:3      | Noticed an ogre
  1938 | D:3      | HP: 3/61 [ogre/+0 giant club (7)]
  1939 | D:3      | Mangled by an ogre

Skill      XL: |  1  2  3  4 |
---------------+-------------+-----
Fighting       | 4 |  4.8
Axes           | 4 |  4.6
Armour         | 3 |  3.0
Throwing       | 1 |  1.0
Dodging        | |  2.8

Action                   |  1- 3 |  4- 6 || total
-------------------------+-------+-------++-------
Melee: Hand axe          |    84 |    25 ||   109
       Headbutt          |    10 |     8 ||    18
Throw: Javelin           |     6 |       ||     6
Invok: Berserk           |       |     1 ||     1
       Trog's Hand       |       |     1 ||     1
  Use: Scroll            |     2 |     1 ||     3
       Potion            |       |     2 ||     2
 Stab: Sleeping          |     1 |       ||     1
  Eat: Chunk             |     5 |     1 ||     6
Armor: Animal skin       |    19 |       ||    19
       Chain mail        |     4 |     6 ||    10
       Skin              |       |     1 ||     1
Dodge: Dodged            |    57 |    11 ||    68

Levels and vault maps discovered:
D:1:      shiori_arrival_elements, layout_loops_ring, bh_walls_and_bars
D:2:      layout_loops_cross
D:3:      layout_loops_ring, led_sif_pool, cheibrodos_gnoll_hut,
          uniq_crazy_yiuf_cottage

Table legend:
 A = Turns spent in this place as a percentage of turns spent in the entire game.
 B = Non-inter-level travel turns spent in this place as a percentage of non-inter-level travel turns spent in the entire game.
 C = Inter-level travel turns spent in this place as a percentage of turns spent in this place.
 D = Turns resting spent in this place as a percentage of non-inter-level travel turns spent in this place.
 E = Turns spent auto-exploring this place as a percentage of non-inter-level travel turns spent in this place.
 F = Non-inter-level travel turns spent in this place divided by the number of levels of this place that you've seen.
                   A       B       C       D       E      F
               +-------+-------+-------+-------+-------+----------------------
         Total | 100.0 | 100.0 |   9.3 |  13.3 |  67.7 | 586.0
       Dungeon | 100.0 | 100.0 |   9.3 |  13.3 |  67.7 | 586.0
               +-------+-------+-------+-------+-------+----------------------

Table legend:
 A = Kills in this place as a percentage of kills in entire the game.
 B = Kills by you in this place as a percentage of kills by you in the entire game.
 C = Kills by friends in this place as a percentage of kills by friends in the entire game.
 D = Other kills in this place as a percentage of other kills in the entire game.
 E = Experience gained in this place as a percentage of experience gained in the entire game.
 F = Experience gained in this place divided by the number of levels of this place that you have seen.
                   A       B       C       D       E      F
               +-------+-------+-------+-------+-------+----------------------
         Total | 100.0 | 100.0 |   N/A |   N/A | 100.0 |  50.0
       Dungeon | 100.0 | 100.0 |   N/A |   N/A | 100.0 |  50.0
               +-------+-------+-------+-------+-------+----------------------
